 Dungeon Crawl Stone Soup version 0.29-a0-218-gf2abdc9806 (webtiles) character file.

Game seed: 11744090523971836066

108418 Zero0 the Executioner (level 16, 0/152 HPs)
             Began as a Hill Orc Fighter on Feb 25, 2022.
             Was the Champion of Trog.
             Succumbed to a black mamba's poison
             ... on level 4 of the Snake Pit.
             The game lasted 01:13:06 (22749 turns).

Zero0 the Executioner (Hill Orc Fighter)           Turns: 22749, Time: 01:13:09

Health: 0/152      AC: 32    Str: 27    XL:     16   Next: 49%
Magic:  16/16      EV:  6    Int:  8    God:    Trog [******]
Gold:   2262       SH: 19    Dex:  9    Spells: 15/15 levels left

rFire   + . .      SeeInvis .   e - +2 broad axe of the Enchanted Forest {drain, Str+2 Dex-3 Stlth+}
rCold   . . .      Faith    .   R - +2 tower shield of Haunted Tender Moments {Harm rElec rPois Will-}
rNeg    . . .      Spirit   .   N - +2 plate armour
rPois   .          Reflect  .   I - +1 helmet
rElec   +          Harm     +   L - +2 cloak {Stlth+}
rCorr   .          Rampage  .   H - +2 pair of gloves
Will    .....      NoTele   +   (no boots)
Stlth   ..........              B - amulet of regeneration
HPRegen 1.15/turn               l - ring of protection from fire
MPRegen 0.15/turn               O - +4 ring of protection

@: lethally poisoned (0 -> -11), untranslocatable, poison vulnerable
A: no striking features
a: Renounce Religion, Berserk, Trog's Hand, Brothers in Arms


You were on level 4 of the Snake Pit.
You worshipped Trog.
Trog was exalted by your worship.
You visited 5 branches of the dungeon, and saw 23 of its levels.

You collected 2262 gold pieces.

Inventory:

Hand Weapons
 a - a +1 war axe of venom
 e - the +2 broad axe of the Enchanted Forest (weapon) {drain, Str+2 Dex-3 Stlth+}
   (You acquired it on level 5 of the Dungeon)

   A truly terrible weapon, it drains the life of any living foe it strikes.
   Str:       It affects your strength (+2).
   Dex:       It affects your dexterity (-3).
   Stlth:     It makes you more stealthy.
 E - a +5 antimagic broad axe
Missiles
 n - 36 poisoned darts (quivered)
 r - 10 atropa-tipped darts
 K - 2 curare-tipped darts
Armour
 H - a +2 pair of gloves (worn)
 I - a +1 helmet (worn)
 L - a +2 cloak of stealth (worn)
 N - a +2 plate armour (worn)
 R - the +2 tower shield of Haunted Tender Moments (worn) {Harm rElec rPois Will-}
   (You found it on level 2 of the Lair of Beasts)

   rElec:     It insulates you from electricity.
   rPois:     It protects you from poison.
   Harm:      It increases damage dealt and taken.
   Will:      It decreases your willpower.
 W - a +0 plate armour of willpower
 Y - a +0 tower shield of reflection
Jewellery
 l - a ring of protection from fire (left hand)
 o - a ring of poison resistance
 B - an amulet of regeneration (around neck)
 O - a +4 ring of protection (right hand)
 T - a +6 ring of intelligence
 U - a +6 ring of dexterity
 V - a ring of see invisible
Wands
 h - a wand of acid (4)
 j - a wand of mindburst (9)
 y - a wand of paralysis (13)
 J - a wand of iceblast (14)
 P - a wand of flame (18)
Scrolls
 b - 2 scrolls of silence
 c - 3 scrolls of identify
 k - a scroll of holy word
 m - 6 scrolls of fear
 p - 4 scrolls of brand weapon
 q - 8 scrolls of teleportation
 u - 2 scrolls of magic mapping
 x - 4 scrolls of blinking
 z - 2 scrolls of fog
 M - 3 scrolls of enchant weapon
 Q - 3 scrolls of enchant armour
 Z - 2 scrolls of immolation
Potions
 d - 5 potions of might
 f - 2 potions of invisibility
 i - 7 potions of lignification
 s - 4 potions of curing
 v - 6 potions of attraction
 A - 6 potions of flight
 C - a potion of haste
 D - 2 potions of heal wounds
 F - 7 potions of mutation
 S - 2 potions of ambrosia
 X - a potion of berserk rage
Miscellaneous
 g - a tin of tremorstones (2/2)


   Skills:
 + Level 16.4 Fighting
 + Level 22.4 Axes
 + Level 15.1 Armour
 + Level 15.1 Shields


You had 15 spell levels left.
You didn't know any spells.
Your spell library contained the following spells:

 Spells                   Type           Power      Damage    Failure   Level
 Beastly Appendage        Tmut           0%         N/A       100%        1
 Magic Dart               Conj           0%         1d3       100%        1
 Call Imp                 Summ           0%         N/A       100%        2
 Wereblood                Tmut           0%         N/A       100%        2
 Mephitic Cloud           Conj/Pois/Air  0%         N/A       100%        3
 Spider Form              Tmut/Pois      0%         N/A       100%        3


Dungeon Overview and Level Annotations

Branches:
Dungeon (11/15)            Temple (1/1) D:4            Lair (6/6) D:10
  Swamp (1/4) Lair:3        Snake (4/4) Lair:3        Slime (0/5) Lair:5
    Orc (0/2) D:10

Altars:
Ashenzari
Cheibriados
Dithmenos
Elyvilon
Fedhas
Gozag
Hepliaklqana
Kikubaaqudgha
Nemelex Xobeh
Okawaru
Qazlal
Sif Muna
Trog
Vehumet
Wu Jian
Yredelemnul
Zin
The Shining One

Shops:
D:9 *   D:10 =

Annotations:
D:4 Dowan, Duvessa
D:11 Erica
Lair:6 exclusion: 2 oklob plants
Snake:1 2 transporters, Moonsky's ghost, journeyman MiBe


Message History

The black mamba poisons you! You block the naga mage's attack.
You barely miss the shock serpent. You slash the naga ritualist!
You kill the naga ritualist!
Trog accepts your kill.
You miss the anaconda. You barely miss the black mamba.
You barely miss the naga.
You feel very sick. You block the anaconda's attack.
The anaconda constricts you. You block the black mamba's attack.
The shock serpent bites you but does no damage.
The naga mage hits you from afar with a +0 halberd.
* * * LOW HITPOINT WARNING * * *
The anaconda bites you but does no damage.
The anaconda constricts you.
* * * LOW HITPOINT WARNING * * *
You cannot blink because you are locked down by a dimension anchor.
You hit the black mamba.
The black mamba is lightly wounded.
You slice the naga!! You drain the naga.
You kill the naga!
Trog accepts your kill.
You miss the shock serpent. You hit the anaconda.
You feel very sick.
The black mamba bites you but does no damage.
The shock serpent bites you.
* * * LOW HITPOINT WARNING * * *
The shock serpent shocks you. You resist.
* * * LOW HITPOINT WARNING * * *
The naga mage hits you from afar with a +0 halberd.
* * * LOW HITPOINT WARNING * * *
The anaconda bites you but does no damage.
The anaconda constricts you. You block the black mamba's attack.
You slice the anaconda!!
You kill the anaconda!
Trog accepts your kill.
You slice the black mamba!! You drain the black mamba!
You kill the black mamba!
Trog accepts your kill.
You barely miss the shock serpent.
You die...

#. ..###...# ####.
#.##...# .!...#
#.#...#
.....###.)..#
#..#.#.)..##
###....#...##
#.#.#..##...##
#...######††)##..#
##..# ##@SN..#
##...# ##)N.....
##.#..# ###......
##....## #.##.?.##
#....## #..##...#
####.### #...##...
#....# ####[# #..
....## ##....# #.
.#.## ##....##


You could see a naga sharpshooter, a shock serpent and a naga mage (fast).

Vanquished Creatures
  2 nagarajas
  An eleionoma (Swamp:1)
  A dire elephant (Lair:6)
  A fire dragon (Lair:6)
  A salamander tyrant (Snake:3)
  2 boulder beetles
  7 naga warriors
  A spriggan air mage (Swamp:1)
  A centaur warrior (D:9)
  11 hydras
  2 catoblepae
  2 two-headed ogres
  8 anacondas
  3 death yaks (Lair:6)
  Urug (Lair:4)
  6 naga sharpshooters
  Nergalle (Lair:4)
  Sonja (Lair:4)
  2 shock serpents
  4 salamander mystics
  A swamp dragon (Lair:6)
  2 lindwurms
  3 naga ritualists
  4 mana vipers
  2 manticores (Lair:6)
  2 oklob plants
  26 black mambas
  28 elephants
  12 salamanders
  Maurice (D:8)
  8 naga magi
  A torpor snail (Lair:6)
  A gargoyle (D:10)
  12 cane toads
  5 rime drakes
  12 komodo dragons
  A troll (D:9)
  A tyrant leech (Swamp:1)
  5 polar bears
  6 slime creatures (D:9)
  9 dream sheep
  32 blink frogs
  Prince Ribbit (D:7)
  4 wyverns
  3 shadows
  2 steam dragons
  6 basilisks
  64 yaks
  3 vampire mosquitoes (D:11)
  2 swamp worms (Swamp:1)
  An acid dragon (Lair:6)
  27 nagas
  23 water moccasins
  An ice beast (D:6)
  3 swamp drakes (Lair:6)
  2 orc warriors (D:9)
  5 black bears
  2 necrophages
  3 sky beasts
  3 ogres
  32 wolves
  4 centaurs
  3 phantoms
  2 kobold brigands
  3 gnoll sergeants (D:7)
  18 bullfrogs
  2 scorpions (D:10)
  A killer bee (D:7)
  A wight (D:7)
  5 electric eels
  3 howler monkeys
  6 lava snakes (Lair:6)
  7 jellies
  5 orc priests
  4 iguanas (Lair:6)
  3 orc wizards
  7 hell rats (Lair:4)
  13 gnolls
  9 adders
  3 ufetubi
  2 dart slugs
  17 orcs
  3 ball pythons
  10 endoplasms
  3 giant cockroaches
  7 goblins
  7 hobgoblins
  3 jackals (D:2)
  13 kobolds
  3 quokkas
  8 bats
  7 frilled lizards
  2 rats (D:3)
  2 bushes (Lair:4)
605 creatures vanquished.

Vanquished Creatures (others)
  A basilisk (Lair:6)
  A bush (Lair:6)
  59 fungi
  118 plants
179 creatures vanquished.

Grand Total: 784 creatures vanquished

Notes
Turn   | Place    | Note
-------+----------+-------------------------------------------
     0 | D:1      | Zero0 the Hill Orc Fighter began the quest for the Orb.
     0 | D:1      | Reached XP level 1. HP: 19/19 MP: 1/1
   176 | D:1      | Reached skill level 3 in Axes
   367 | D:1      | Reached XP level 2. HP: 27/27 MP: 2/2
   441 | D:1      | Found a faded altar of an unknown god.
   746 | D:1      | Reached XP level 3. HP: 33/33 MP: 3/3
  1221 | D:2      | Reached skill level 4 in Axes
  1229 | D:2      | Reached XP level 4. HP: 30/40 MP: 4/4
  2301 | D:3      | Reached XP level 5. HP: 47/47 MP: 5/5
  3014 | D:3      | Reached skill level 5 in Axes
  3449 | D:4      | Noticed a phantom
  3608 | D:4      | Killed a phantom
  3609 | D:4      | Reached XP level 6. HP: 27/55 MP: 6/6
  3845 | D:4      | Noticed Duvessa
  3845 | D:4      | Noticed Dowan
  4058 | D:4      | Noticed a necrophage
  4069 | D:4      | Killed a necrophage
  4070 | D:4      | Reached skill level 5 in Fighting
  4070 | D:4      | Reached skill level 6 in Axes
  4449 | D:4      | Found a staircase to the Ecumenical Temple.
  4475 | Temple   | Entered the Ecumenical Temple
  4481 | Temple   | Became a worshipper of Trog the Wrathful
  4507 | D:4      | Found a broken altar of Ashenzari.
  4679 | D:5      | Entered Level 5 of the Dungeon
  4699 | D:5      | Reached XP level 7. HP: 20/61 MP: 7/7
  5387 | D:5      | Reached skill level 7 in Axes
  5387 | D:5      | Reached skill level 5 in Armour
  5387 | D:5      | Reached skill level 5 in Shields
  5835 | D:5      | Identified a scroll of acquirement
  5835 | D:5      | Acquired the +2 broad axe of the Enchanted Forest {drain,
                  | Str+2 Dex-3 Stlth+}
  5858 | D:5      | Reached XP level 8. HP: 51/70 MP: 8/8
  6232 | D:6      | Reached skill level 8 in Axes
  6981 | D:6      | Reached skill level 9 in Axes
  7511 | D:7      | Reached XP level 9. HP: 63/79 MP: 9/9
  7511 | D:7      | Noticed Prince Ribbit
  7538 | D:7      | Killed Prince Ribbit
  7539 | D:7      | Reached skill level 10 in Axes
  7580 | D:7      | Found a basalt altar of Yredelemnul.
  7941 | D:7      | Reached * piety under Trog
  7942 | D:7      | Reached skill level 11 in Axes
  8696 | D:7      | Identified the +2 robe of Instinct {rPois}
  8933 | D:8      | Noticed Maurice
  8986 | D:8      | Killed Maurice
  8995 | D:8      | Reached XP level 10. HP: 53/88 MP: 10/10
  8999 | D:8      | Reached skill level 12 in Axes
  9435 | D:8      | Noticed a two-headed ogre
  9443 | D:8      | Killed a two-headed ogre
  9897 | D:9      | Found Awnan's Assorted Antiques.
 10013 | D:9      | Identified the +1 ring mail "Boneil" {rElec rPois Will-
                  | Dex+7}
 10166 | D:9      | Reached ** piety under Trog
 10320 | D:9      | Reached skill level 13 in Axes
 10435 | D:9      | Noticed a centaur warrior
 10448 | D:9      | Killed a centaur warrior
 10528 | D:10     | Entered Level 10 of the Dungeon
 10528 | D:10     | Found Daehaqol's Jewellery Emporium.
 10540 | D:9      | Reached XP level 11. HP: 80/97 MP: 11/11
 10681 | D:10     | Reached skill level 14 in Axes
 10705 | D:10     | Noticed a two-headed ogre
 10860 | D:10     | Found a staircase to the Orcish Mines.
 10930 | D:10     | Killed a two-headed ogre
 10931 | D:10     | Reached skill level 10 in Fighting
 10948 | D:10     | Found a staircase to the Lair.
 11615 | D:11     | Noticed Erica
 11640 | Lair:1   | Entered Level 1 of the Lair of Beasts
 11877 | Lair:1   | Reached skill level 15 in Axes
 12302 | Lair:1   | Reached XP level 12. HP: 108/108 MP: 12/12
 12716 | Lair:2   | Noticed a seven-headed hydra
 12777 | Lair:2   | Reached skill level 10 in Armour
 12777 | Lair:2   | Reached skill level 10 in Shields
 12793 | Lair:2   | Reached *** piety under Trog
 12989 | Lair:2   | Killed a ten-headed hydra
 12990 | Lair:2   | Reached skill level 16 in Axes
 13264 | Lair:2   | Identified the +2 tower shield of Haunted Tender Moments
                  | {Harm rElec rPois Will-}
 13363 | Lair:2   | Noticed an eight-headed hydra
 13372 | Lair:2   | Killed an eight-headed hydra
 13926 | Lair:3   | Noticed a four-headed hydra
 13933 | Lair:3   | Killed a four-headed hydra
 14026 | Lair:3   | Found a staircase to the Swamp.
 14037 | Lair:3   | You fall into a shaft and drop 3 floors!
 14037 | Lair:6   | Entered Level 6 of the Lair of Beasts
 14176 | Lair:6   | Noticed a death yak
 14186 | Lair:6   | Reached **** piety under Trog
 14187 | Lair:6   | Reached skill level 17 in Axes
 14192 | Lair:6   | Killed a death yak
 14193 | Lair:6   | Noticed a dire elephant
 14210 | Lair:6   | Killed a dire elephant
 14256 | Lair:6   | Noticed a death yak
 14267 | Lair:6   | Killed a death yak
 14268 | Lair:6   | Reached XP level 13. HP: 118/118 MP: 13/13
 14509 | Lair:6   | Reached skill level 18 in Axes
 14688 | Lair:6   | Reached ***** piety under Trog
 15003 | Lair:6   | Reached skill level 19 in Axes
 15077 | Lair:6   | Reached XP level 14. HP: 108/129 MP: 14/14
 15765 | Lair:6   | Reached ****** piety under Trog
 15768 | Lair:6   | Reached skill level 20 in Axes
 16143 | Lair:5   | Received a gift from Trog
 16592 | Lair:5   | Found a staircase to the Slime Pits.
 17253 | Lair:4   | Noticed Urug
 17269 | Lair:4   | Killed Urug
 17368 | Lair:4   | Noticed Sonja
 17372 | Lair:4   | Killed Sonja
 17677 | Lair:4   | Noticed Nergalle
 17684 | Lair:4   | Killed Nergalle
 17707 | Lair:4   | Reached XP level 15. HP: 139/139 MP: 15/15
 17864 | Lair:4   | Reached skill level 21 in Axes
 17960 | Lair:4   | Received a gift from Trog
 18806 | Lair:3   | Found a staircase to the Snake Pit.
 18832 | Lair:3   | Found a sparkling altar of Nemelex Xobeh.
 19141 | Lair:3   | Reached skill level 15 in Fighting
 19538 | Swamp:1  | Entered Level 1 of the Swamp
 19618 | Swamp:1  | Received a gift from Trog
 19740 | Snake:1  | Entered Level 1 of the Snake Pit
 20654 | Snake:1  | Found a transporter.
 20660 | Snake:1  | Noticed Moonsky's ghost (journeyman MiBe)
 20661 | Snake:1  | Found a bloodstained altar of Trog.
 20661 | Snake:1  | Found a transporter.
 20753 | Snake:1  | Found a basalt altar of Yredelemnul.
 21528 | Snake:3  | Reached XP level 16. HP: 131/150 MP: 16/16
 21535 | Snake:3  | Reached skill level 22 in Axes
 21791 | Snake:3  | Noticed a nagaraja
 21812 | Snake:3  | Killed a nagaraja
 21812 | Snake:3  | Received a gift from Trog
 22563 | Snake:4  | Entered Level 4 of the Snake Pit
 22618 | Snake:4  | Reached skill level 15 in Armour
 22636 | Snake:4  | Reached skill level 15 in Shields
 22722 | Snake:4  | Noticed a nagaraja
 22739 | Snake:4  | Killed a nagaraja
 22748 | Snake:4  | HP: 5/152 [naga mage/+0 halberd (4)]
 22749 | Snake:4  | Succumbed to a black mamba's poison

Illustrated notes

Levels and vault maps discovered:
D:1:      minmay_arrival_four_houses, layout_basic,
          ebering_ecumenical_altar_sacrificial, minmay_splitting_lines
D:2:      layout_basic
D:3:      layout_loops_corners
D:4:      layout_basic, mainiacjoe_overflow_boulevard,
          minmay_temple_entry_statues_fountains, uniq_duvessa
D:5:      layout_cave_pools
D:6:      layout_gridville
D:7:      layout_basic, enter_bailey_3, minmay_ruined_shrine,
          uniq_prince_ribbit1
D:8:      layout_cave_pools, uniq_maurice
D:9:      layout_cave_pools, serial_shops,
          nicolae_shop_competitors_out_of_business
D:10:     layout_loops_cross, due_lair_maze_entry_diamond, serial_shops,
          nicolae_stop_n_shop_1
D:11:     layout_basic, wad_hexagon, uniq_erica
Temple:   dpeg_three_leaves_temple
Lair:1:   layout_gridlike, serial_bayou_shore_a, grunt_megastairs_2
Lair:2:   layout_roguey, columned_hall_lemuel, st_stairs_6
Lair:3:   beast_lair_carwin_large_2, layout_gridlike, swamp_mist_pool,
          minmay_snake_entry_guardpost_small, nicolae_quartered_pool_impasse,
          st_stairs_12, lemuel_oklob_altar
Lair:4:   nzn_winding_woodlands_medium [nzn_winding_woodlands_5x5_closed_star,
          nzn_winding_woodlands_5x15_jagged, nzn_winding_woodlands_5x5_cross,
          nzn_winding_woodlands_5x5_three,
          nzn_winding_woodlands_center_pierced_h,
          nzn_winding_woodlands_5x5_default, nzn_winding_woodlands_5x5_default,
          nzn_winding_woodlands_5x15_sidewinder,
          nzn_winding_woodlands_hourglass], layout_layer_cave, st_stairs_13,
          lookout_lair_type, nicolae_lair_grazing_beasts
          [nicolae_sub_lair_graze_edge, nicolae_sub_lair_graze_edge,
          nicolae_sub_lair_graze_edge, nicolae_sub_lair_graze_edge],
          lemuel_fruit_fields, uniq_sonja, uniq_urug, uniq_nergalle
Lair:5:   layout_gridlike, nicolae_slime_entry_slimehenge, serial_bayou_shore_b
Lair:6:   hangedman_lair_in_review, layout_regular_city,
          guppyfry_lair_end_dragon, nicolae_lair_liquid_snakes
Swamp:1:  nicolae_swamp_wrong_neighborhood, layout_basic_swamp,
          evilmike_swamp_ruin_rubble_1, infiniplex_staircase_pool, uniq_kirke
Snake:1:  layout_onion, gammafunk_ghost_wrathful_warriors, basic_altar,
          grunt_megastairs_3
Snake:2:  layout_rooms, nicolae_snake_serpentine_hallways
Snake:3:  layout_onion
Snake:4:  johnstein_snake_rune_scales, layout_concentric_octagons,
          nicolae_snake_slithery_corners, serial_bayou_pond_c

Skill      XL: |  1  2  3  4  5  6  7  8  9 10 11 12 13 14 15 16 |
---------------+-------------------------------------------------+-----
Axes           | 3 4 5 6 7 9 11 13 15 17 19 20 21 22 | 22.4
Fighting       | 4 5 6 7 8 9 10 12 13 14 15 16 | 16.4
Armour         | 4 5 6 7 8 9 11 12 13 14 15 | 15.1
Shields        | 4 5 6 7 8 9 11 12 13 14 15 | 15.1

Action                   |  1- 3 |  4- 6 |  7- 9 | 10-12 | 13-15 | 16-18 || total
-------------------------+-------+-------+-------+-------+-------+-------++-------
Melee: War axe           |    83 |   129 |    32 |       |       |       ||   244
       Broad axe         |       |       |   155 |   420 |   965 |   164 ||  1704
Throw: Dart              |       |     5 |    17 |    13 |     4 |       ||    39
 Abil: Evoke Invisibilit |       |     1 |       |       |       |       ||     1
Evoke: Wand              |       |       |       |    21 |       |       ||    21
  Use: Scroll            |       |       |    16 |    11 |     5 |       ||    32
       Potion            |       |       |     2 |     3 |       |     2 ||     7
Armor: Scale mail        |    40 |    58 |       |       |       |       ||    98
       Chain mail        |       |     2 |   115 |    44 |       |       ||   161
       Plate armour      |       |       |       |   323 |   575 |   101 ||   999
Dodge: Dodged            |    46 |    62 |    70 |   143 |   170 |    26 ||   517
Block: Buckler           |    17 |    28 |    50 |    80 |       |       ||   175
       Tower shield      |       |       |       |    95 |   923 |   216 ||  1234

Table legend: (Time is in decaauts)
 A = Elapsed time spent in this place.
 B = Non-inter-level travel time spent in this place.
 C = Inter-level travel time spent in this place.
 D = Time resting spent in this place.
 E = Time spent auto-exploring this place.
 F = Levels seen in this place.
 G = Mean time per level.
                   A        B        C        D        E       F      G
               +--------+--------+--------+--------+--------+-----+--------+
         Total |  22855 |  21780 |   1075 |   5471 |  11301 |  23 |  993.7 |
       Dungeon |  11735 |  11087 |    648 |   3415 |   5553 |  11 | 1066.8 |
        Temple |     12 |      7 |      5 |      0 |      0 |   1 |   12.0 |
          Lair |   7981 |   7601 |    380 |   1262 |   4254 |   6 | 1330.2 |
         Swamp |    151 |    151 |      0 |     82 |     11 |   1 |  151.0 |
     Snake Pit |   2976 |   2934 |     42 |    712 |   1481 |   4 |  744.0 |
               +--------+--------+--------+--------+--------+-----+--------+

Top non-repeatable levels by time:
  Lair:6: 2058 daAuts
     D:7: 1687 daAuts
  Lair:4: 1589 daAuts
     D:5: 1423 daAuts
     D:3: 1292 daAuts
     D:6: 1190 daAuts
     D:2: 1171 daAuts
     D:4: 1167 daAuts
     D:1: 1135 daAuts
  Lair:2: 1131 daAuts
  Lair:1: 1127 daAuts
 Snake:1: 1077 daAuts
  Lair:5: 1065 daAuts
 Snake:3: 1040 daAuts
  Lair:3: 1009 daAuts
